 Dungeon Crawl Stone Soup version 0.23.2-40-g277498a001 (webtiles) character file.

Game seed: 12245873904370146757

687 Acheron the Shield-Bearer (level 7, -4/44 HPs)
             Began as a Gargoyle Fighter on Aug 27, 2019.
             Blown up by Ijyb (17 damage)
             ... with a wand of disintegration (12)
             ... on level 5 of the Dungeon.
             The game lasted 00:11:07 (3550 turns).

Acheron the Shield-Bearer (Gargoyle Fighter)        Turns: 3550, Time: 00:11:08

Health: -4/44      AC: 13    Str: 19    XL:     7   Next: 62%
Magic:  10/10      EV:  8    Int: 10    God:
Gold:   182        SH:  9    Dex: 10    Spells: 10/10 levels left

rFire    . . .     SeeInvis .   a - +1 war axe
rCold    . . .     Gourm    .   c - +0 shield
rNeg     + . .     Faith    .   b - +0 scale mail
rPois    ∞         Spirit   .   (no helmet)
rElec    +         Reflect  .   (no cloak)
rCorr    .         Harm     .   o - +0 pair of gloves
MR       .....                  (no boots)
Stlth    +.........             (no amulet)
HPRegen  0.14/turn              (no ring)
MPRegen  0.12/turn              (no ring)

@: no status effects
A: negative energy resistance 1, electricity resistance, unbreathing,
petrification resistance, rot immunity, AC +4
a: no special abilities


You were on level 5 of the Dungeon.
You were not hungry.

You visited 1 branch of the dungeon, and saw 5 of its levels.

You collected 182 gold pieces.

Inventory:

Hand Weapons
 a - a +1 war axe (weapon)
 k - a +4 dagger of protection
 C - a +3 dagger of venom
Missiles
 n - 41 sling bullets
 w - 5 steel javelins (quivered)
Armour
 b - a +0 scale mail (worn)
 c - a +0 shield (worn)
 o - a +0 pair of gloves (worn)
Jewellery
 e - an uncursed ring of stealth {unknown}
 g - an uncursed ring of ice {unknown}
 q - an uncursed ring of stealth {unknown}
 s - an uncursed amulet of guardian spirit
 y - a cursed ring of teleportation {unknown}
Wands
 i - a wand of polymorph (6)
 t - a wand of enslavement (6)
Scrolls
 h - a scroll of remove curse {unknown}
 m - a scroll of random uselessness {unknown}
 r - a scroll of teleportation
 u - a scroll of blinking
 A - 2 scrolls of enchant armour {unknown}
 B - a scroll of immolation {unknown}
Potions
 d - 2 potions of ambrosia
 j - a potion of agility
 l - a potion of brilliance {unknown}
 p - a potion of magic {unknown}
 v - a potion of heal wounds
 x - a potion of flight {unknown}
 D - a potion of curing {unknown}
Comestibles
 f - 8 rations
 z - 8 chunks of flesh


   Skills:
 * Level 4.4 Fighting
 + Level 3.6 Axes
 * Level 2.2 Throwing
 + Level 4.1 Armour
 * Level 2.0 Dodging
 * Level 3.1 Stealth
 + Level 4.4 Shields
 * Level 2.1 Spellcasting
 * Level 0.3 Evocations


You had 10 spell levels left.
You didn't know any spells.
Your spell library was empty.

Dungeon Overview and Level Annotations

Branches:
Dungeon (5/15)
 Temple: D:4-7

Altars:
Nemelex Xobeh

Annotations:
D:5 Ijyb


Innate Abilities, Weirdness & Mutations

You are resistant to torment.
Your stone body is resilient. (AC +4)
You are immune to poison.
You resist negative energy. (rN+)
You are resistant to electric shocks. (rElec)
You can survive without breathing.
You are immune to petrification.
You are immune to rotting.


Message History

The hound bites you but does no damage.
You hit the hound.
The hound is severely wounded.
The hound barely misses you.
You slash the hound!
You kill the hound!
You see here a hound corpse.
You butcher the hound corpse.
z - 8 chunks of flesh (gained 1)
You see here a hound skeleton.
Your magical contamination has completely faded away.
t - a wand of enslavement (6) Ijyb the Twisted Goblin comes into view.
She is wearing a +2 leather armour of fire resistance and carrying a wand of disintegration (14).
Ijyb shouts!
Ijyb drinks a potion.
Ijyb suddenly seems more resistant.
Ijyb zaps a wand.
You are blasted!
Ijyb zaps a wand.
You are blasted!
* * * LOW HITPOINT WARNING * * *
You hit Ijyb but do no damage.
Ijyb zaps a wand.
You are blasted!
You die...

### ..# #.# ###### #g#
#..... #@# #.###. #.#
#.#.#. #.# #.#.#. #.#
#.#...
#.####.###########.#.##
#..................#.#
#.####.............#.#
#############.#.#
#.÷#.##


You could see Ijyb.

Vanquished Creatures
  Sigmund (D:3)
  A phantom (D:4)
  A howler monkey (D:4)
  An orc wizard (D:5)
  An orc priest (D:4)
  3 hounds
  A jelly (D:4)
  2 iguanas
  A hound zombie (D:5)
  5 adders
  4 gnolls (D:3)
  An ooze (D:1)
  A dart slug (D:1)
  A leopard gecko (D:2)
  5 orcs
  8 bats
  6 giant cockroaches
  4 goblins
  10 hobgoblins
  7 jackals
  7 kobolds
  A quokka (D:5)
  A ball python (D:1)
  2 frilled lizards (D:2)
  A leopard gecko skeleton (D:4)
  12 rats
88 creatures vanquished.

Notes
Turn   | Place    | Note
-------+----------+-------------------------------------------
     0 | D:1      | Acheron the Gargoyle Fighter began the quest for the Orb.
     0 | D:1      | Reached XP level 1. HP: 14/14 MP: 1/1
   110 | D:1      | Reached XP level 2. HP: 19/19 MP: 2/2
   231 | D:1      | Reached skill level 1 in Stealth
   231 | D:1      | Reached XP level 3. HP: 21/23 MP: 3/3
  1323 | D:2      | Reached XP level 4. HP: 25/29 MP: 4/4
  1689 | D:3      | Reached skill level 1 in Throwing
  1807 | D:3      | Found a sparkling altar of Nemelex Xobeh.
  1875 | D:3      | Reached skill level 1 in Dodging
  1880 | D:3      | Reached skill level 1 in Spellcasting
  1880 | D:3      | Reached XP level 5. HP: 17/33 MP: 6/6
  2064 | D:3      | Noticed Sigmund
  2116 | D:3      | Killed Sigmund
  2116 | D:3      | Reached XP level 6. HP: 37/38 MP: 6/8
  2142 | D:3      | Found a faded altar of an unknown god.
  2598 | D:4      | Noticed a phantom
  2826 | D:4      | Killed a phantom
  2826 | D:4      | Reached XP level 7. HP: 23/43 MP: 9/9
  2983 | D:5      | Entered Level 5 of the Dungeon
  3545 | D:5      | Noticed Ijyb
  3550 | D:5      | Blown up by Ijyb

Skill      XL: |  1  2  3  4  5  6  7 |
---------------+----------------------+-----
Axes           | 2 3 |  3.6
Stealth        | 1 2 3 |  3.1
Throwing       | 1 2 |  2.2
Dodging        | 1 2 |  2.0
Spellcasting   | 1 2 |  2.1
Shields        | 4 |  4.4
Fighting       | 4 |  4.4
Armour         | 4 |  4.1
Evocations     | |  0.3

Action                   |  1- 3 |  4- 6 |  7- 9 || total
-------------------------+-------+-------+-------++-------
Melee: War axe           |   131 |   168 |    56 ||   355
Throw: Javelin           |       |     2 |       ||     2
  Use: Potion            |       |     3 |       ||     3
       Scroll            |       |       |     6 ||     6
  Eat: Chunk             |     1 |     5 |       ||     6
       Ration            |       |     1 |       ||     1
Armor: Scale mail        |    80 |   100 |    29 ||   209
Dodge: Dodged            |    24 |    52 |    19 ||    95
Block: Shield            |    76 |   100 |    23 ||   199
